 Dungeon Crawl Stone Soup version 0.30-a0-586-g23e55c9e0a (webtiles) character file.

Game seed: 11703556647904269576

590 Citaku the Covered (level 7, -14/61 HPs)
             Began as a Minotaur Fighter on Jan 3, 2023.
             Was an Initiate of Wu Jian.
             Demolished by an ogre
             ... wielding a +0 giant club
              (30 damage)
             ... on level 5 of the Dungeon.
             The game lasted 00:09:55 (3866 turns).

Citaku the Covered (Minotaur Fighter)               Turns: 3866, Time: 00:09:55

Health: -14/61     AC: 12    Str: 26    XL:     7   Next: 15%
Magic:  6/6        EV:  6    Int:  5    God:    Wu Jian [......]
Gold:   121        SH: 12    Dex: 12    Spells: 6/6 levels left

rFire   + . .      SeeInvis .    a - +0 war axe
rCold   + + .      Faith    .    x - +0 tower shield
rNeg    . . .      Spirit   .    t - +3 ring mail {rC+}
rPois   +          Reflect  .    (helmet restricted)
rElec   +          Harm     .    D - +0 cloak
rCorr   +          Rampage  .    (no gloves)
Will    .....                    n - +0 pair of boots
Stlth   +                        (no amulet)
HPRegen 0.30/turn                j - +6 ring of strength
MPRegen 0.10/turn                (no ring)

@: mighty, resistant
A: horns 2, retaliatory headbutt
a: Renounce Religion


You were on level 5 of the Dungeon.
You worshipped Wu Jian.
Wu Jian was noncommittal.
You visited 2 branches of the dungeon, and saw 6 of its levels.

You collected 247 gold pieces.
You spent 126 gold pieces at shops.

Inventory:

Hand Weapons
 a - a +0 war axe (weapon)
Armour
 n - a +0 pair of boots (worn)
 t - a +3 ring mail of cold resistance (worn)
 x - a +0 tower shield (worn)
 D - a +0 cloak (worn)
Jewellery
 j - a +6 ring of strength (left hand)
Wands
 s - a wand of flame (13)
Scrolls
 c - a scroll of poison {unknown}
 e - 2 scrolls of vulnerability {unknown}
 f - 3 scrolls of fog {unknown}
 g - a scroll of enchant weapon {unknown}
 k - 2 scrolls of butterflies {unknown}
 o - a scroll of amnesia {unknown}
 p - a scroll of noise {unknown}
 q - a scroll of magic mapping {unknown}
 y - a scroll of teleportation {unknown}
 z - a scroll of immolation {unknown}
 A - 3 scrolls of identify {unknown}
 C - a scroll of silence {unknown}
 E - a scroll of blinking {unknown}
Potions
 h - 4 potions of curing {unknown}
 i - 2 potions of flight {unknown}
 l - 2 potions of haste {unknown}
 m - 3 potions of berserk rage {unknown}
 r - a potion of mutation {unknown}
 u - a potion of degeneration {unknown}
 v - a potion of heal wounds {unknown}
 w - 2 potions of cancellation {unknown}
 B - a potion of lignification {unknown}
 F - a potion of ambrosia {unknown}


   Skills:
 + Level 5.5 Fighting
 * Level 6.1 Axes
 * Level 6.7 Armour
 - Level 4.0 Shields


You had 6 spell levels left.
You didn't know any spells.
Your spell library contained the following spells:

 Spells                   Type           Power      Damage    Failure   Level
 Slow                     Hex            0%         N/A       100%        1
 Confusing Touch          Hex            0%         N/A       100%        3
 Vampiric Draining        Necr           0%         2d6       100%        3


Dungeon Overview and Level Annotations

Branches:
Dungeon (5/15)             Temple (1/1) D:4

Altars:
Cheibriados
Fedhas
Hepliaklqana
Okawaru
Qazlal
Sif Muna
Uskayaw
Vehumet
Wu Jian
Zin

Shops:
D:4 *

Annotations:
D:4 crabbyslav's ghost, novice DrWr
D:5 Pikel


Innate Abilities, Weirdness & Mutations

You have a pair of horns on your head.
You reflexively headbutt those who attack you in melee.


Message History

The ogre hits you with a +0 giant spiked club!
You slash the ogre!
You kill the ogre!
The Council accepts your kill.
You hit the jelly.
Your hands burn!
You block the jelly's attack.
Your Axes skill increases to level 6!
You have reached level 7!
You block the jelly's attack.
Things that are here:
a +0 giant spiked club; an ogre corpse You slash the jelly!
Your hands burn!
The jelly is almost dead.
Pikel, Merchant of Souls comes into view.
He is wielding a +0 whip of flaming.
You block the jelly's attack. The jelly hits you but does no damage.
You hit the jelly but do no damage.
Your hands burn!
The jelly is almost dead.
The jelly barely misses you. You furiously retaliate!
You headbutt the jelly!
You kill the jelly!
The Council accepts your kill.
An iguana comes into view.
Press: ? - help, v - describe, . - travel
Here: Pikel, wielding a +0 whip of flaming and wearing a +0 robe The floor.
You feel very mighty all of a sudden.
An ogre comes into view. It is wielding a +0 giant club.
You feel protected.
Pikel hits you with a +0 whip of flaming.
Pikel burns you.
You miss Pikel.
The sentinel's mark upon you fades away.
Pikel closely misses you.
A shadow imp comes into view.
You closely miss Pikel. You closely miss the iguana.
Pikel hits you with a +0 whip of flaming.
* * * LOW HITPOINT WARNING * * *
The iguana bites you.
* * * LOW HITPOINT WARNING * * *
Pikel barely misses you. You furiously retaliate!
You headbutt Pikel.
The ogre hits you with a +0 giant club!!
You die...

# ## .# ... .#
....########.#
....#........#
.............#
...##5O).....#
......l@.....#
##.##..K.....#
#.......#... #
#..[.....###
#. ##....#.##
. .. #...#.##
...#.#...#.#
#......#.#
....#....# ###


You could see Pikel, an ogre, an iguana and a shadow imp.

Vanquished Creatures
  2 ogres (D:5)
  4 lemures (D:5)
  A phantom (D:4)
  A bullfrog (D:4)
  2 jellies
  Jessica (D:3)
  Terence (D:3)
  An iguana (D:4)
  5 adders
  A worm (D:2)
  3 dart slugs
  An orc (D:3)
  10 ball pythons
  8 endoplasms
  2 giant cockroaches
  6 goblins
  7 hobgoblins
  5 jackals
  10 kobolds
  3 quokkas
  5 bats (D:1)
  4 frilled lizards
  7 rats
90 creatures vanquished.

Vanquished Creatures (others)
  7 plants
  11 withered plants (D:2)
18 creatures vanquished.

Grand Total: 108 creatures vanquished

Notes
Turn   | Place    | Note
-------+----------+-------------------------------------------
     0 | D:1      | Citaku the Minotaur Fighter began the quest for the Orb.
     0 | D:1      | Reached XP level 1. HP: 19/19 MP: 0/0
    99 | D:1      | Reached XP level 2. HP: 27/27 MP: 1/1
   431 | D:1      | You fall into a shaft and drop 1 floor!
   454 | D:2      | Reached XP level 3. HP: 26/33 MP: 2/2
   787 | D:2      | Found a faded altar of an unknown god.
  1257 | D:3      | Found a snail-covered altar of Cheibriados.
  1325 | D:3      | Found a stormy altar of Qazlal.
  1329 | D:3      | Noticed Jessica
  1341 | D:3      | Killed Jessica
  1342 | D:3      | Reached XP level 4. HP: 11/40 MP: 3/3
  1577 | D:3      | Noticed Terence
  1587 | D:3      | Killed Terence
  1829 | D:3      | Reached skill level 5 in Armour
  2064 | D:3      | Reached XP level 5. HP: 47/47 MP: 4/4
  2362 | D:4      | Found Meneod's Assorted Antiques.
  2369 | D:4      | Bought a tower shield for 126 gold pieces
  2413 | D:4      | Noticed a phantom
  2424 | D:4      | Killed a phantom
  2581 | D:4      | Noticed crabbyslav's ghost (novice DrWr)
  2584 | D:4      | Found a runed translucent door.
  2813 | D:4      | Identified the +3 robe of Jopurex {rF+ rN+}
  2846 | D:4      | Found a staircase to the Ecumenical Temple.
  2856 | D:4      | Reached skill level 5 in Fighting
  2856 | D:4      | Reached skill level 5 in Axes
  2856 | D:4      | Reached XP level 6. HP: 56/56 MP: 5/5
  3531 | Temple   | Entered the Ecumenical Temple
  3600 | Temple   | Became a worshipper of the Wu Jian Council
  3642 | D:5      | Entered Level 5 of the Dungeon
  3859 | D:5      | Reached XP level 7. HP: 30/61 MP: 6/6
  3860 | D:5      | Noticed Pikel
  3866 | D:5      | Demolished by an ogre

Illustrated notes

Levels and vault maps discovered:
D:1:      dpeg_arrival_rhombi, layout_rooms, minmay_3d_cube
D:2:      layout_rooms, shapermc_ecumenical_altar_flowoftime
D:3:      layout_basic, mainiacjoe_overflow_small_starburst,
          kennysheep_slug_shrine, uniq_terence, uniq_jessica
D:4:      cheibrodos_old_hovel, layout_gridville,
          minmay_temple_entry_statues_fountains, hellmonk_ghost_happy_afterlife,
          serial_shops, shop
D:5:      layout_loops_ring, general_overflow_altar, uniq_eustachio,
          uniq_crazy_yiuf_cottage, uniq_pikel
Temple:   regret_index_temple_waves

Skill      XL: |  1  2  3  4  5  6 |
---------------+-------------------+-----
Axes           | 3 4 5 6 |  6.1
Shields        | 4 |  4.0
Fighting       | 4 5 |  5.5
Armour         | 4 5 6 |  6.7

Action                   |  1- 3 |  4- 6 |  7- 9 || total
-------------------------+-------+-------+-------++-------
Melee: War axe           |    83 |   144 |     4 ||   231
       Headbutt          |    16 |    25 |       ||    41
  Use: Potion            |       |       |     2 ||     2
Armor: Scale mail        |    42 |     6 |       ||    48
       Ring mail         |       |    50 |     1 ||    51
Dodge: Dodged            |    54 |    35 |     3 ||    92
Block: Buckler           |    32 |    15 |       ||    47
       Tower shield      |       |    96 |     2 ||    98

Table legend: (Time is in decaauts)
 A = Elapsed time spent in this place.
 B = Non-inter-level travel time spent in this place.
 C = Inter-level travel time spent in this place.
 D = Time resting spent in this place.
 E = Time spent auto-exploring this place.
 F = Levels seen in this place.
 G = Mean time per level.
                   A        B        C        D        E       F      G
               +--------+--------+--------+--------+--------+-----+--------+
         Total |   3991 |   3991 |      0 |    212 |   2261 |   6 |  665.2 |
       Dungeon |   3895 |   3895 |      0 |    212 |   2232 |   5 |  779.0 |
        Temple |     95 |     95 |      0 |      0 |     28 |   1 |   95.0 |
               +--------+--------+--------+--------+--------+-----+--------+

Top non-repeatable levels by time:
     D:4: 1322 daAuts
     D:3: 1063 daAuts
     D:1: 713 daAuts
     D:2: 549 daAuts
     D:5: 246 daAuts
  Temple: 95 daAuts
